Ice Dragons vs Influenza

Created - January 17, 2021 at 19:59

Goals
1 2 3 T
Ice Dragons 1 3 0 4
Influenza 0 1 2 3
Shots
1 2 3 T
Ice Dragons 10 10 4 24
Influenza 10 11 15 36

1st period

1. Ice Dragons , Brandon Kozun 19 (Corban Knight 36, Samuel Groulx 15) at 6:26

Penalties :
No Penalty

2nd period

2. Ice Dragons , Corban Knight 17 (Jordan LaVallee 36) at 3:40
3. Ice Dragons , Logan MacMillan 10 (Emil Pettersson 25) at 4:32
4. Influenza , Linden Vey 10 (Max Domi 19, Bo Horvat 22) at 8:02
5. Ice Dragons , Billy Sweat 30 (Justin Shugg 11) at 11:36

Penalties :
No Penalty

3rd period

6. Influenza , Tim Schaller 11 (Justin Bailey 9) at 8:23
7. Influenza , Bo Horvat 17 (Linden Vey 17, Max Domi 20) at 11:13

Penalties :
Kevin Connauton (Kin) for Roughing (Minor) at 0:41, Max Domi (VJB) for Tripping (Minor) at 4:15, Max Domi (VJB) for Holding (Minor) at 13:02, Chris Wagner (Kin) for Holding (Minor) at 15:34, Samuel Groulx (Kin) for Hooking (Minor) at 18:44

Goalie Stats

Joacim Eriksson (Kin), 33 saves from 36 shots - (0.917), W, 8-3-2, 60:00 minutes
Malcolm Subban (VJB), 20 saves from 24 shots - (0.833), L, 8-16-1, 58:46 minutes

Players Stats for Ice Dragons

Player Name              G  A  P  +/- PIM S  H  SB GA TA FO     MP     PP MP  PK MP  
------------------------------------------------------------------------------------
Alex Plante              0  0  0   2  0   0  1  3  0  0  0/0    18:27   1:37   1:59 
Billy Sweat              1  0  1   1  0   4  0  0  1  0  0/0    18:21   2:02   1:08 
Brandon Kozun            1  0  1   1  0   3  3  0  0  0  2/3    18:03   1:56   0:00 
Chris Wagner             0  0  0   0  2   0  2  1  0  1  0/0    11:17   0:00   0:00 
Corban Knight            1  1  2   1  0   2  4  0  0  0  10/28  21:35   1:56   3:30 
Emil Pettersson          0  1  1   0  0   0  0  0  0  0  4/8    12:17   0:00   0:38 
Jerome Gauthier-Leduc    0  0  0   0  0   0  0  1  0  0  0/0    11:22   0:00   0:43 
Jordan LaVallee          0  1  1   0  0   2  0  0  1  0  0/1    23:06   1:56   3:28 
Juho Lammikko            0  0  0  -1  0   0  1  0  0  1  0/0     8:28   0:00   0:00 
Justin Shugg             0  1  1   1  0   0  0  0  0  1  0/0    16:53   2:02   0:00 
Kevin Connauton          0  0  0   0  2   2  5  0  0  0  0/0    27:00   2:21   2:10 
Logan MacMillan          1  0  1   0  0   1  0  1  0  0  0/0    13:51   0:00   0:25 
Robin Norell             0  0  0  -1  0   0  1  0  0  0  0/0    17:50   0:00   3:14 
Sam Carrick              0  0  0   1  0   4  1  1  0  0  5/11   17:44   2:02   1:08 
Samuel Groulx            0  1  1   0  2   5  1  1  0  0  0/0    23:20   1:37   2:10 
Theodor Blueger          0  0  0  -1  0   0  1  0  0  0  0/2     8:37   0:00   0:09 
William Carrier          0  0  0   0  0   1  1  0  0  0  0/0     4:29   0:00   0:00 
Zach Trotman             0  0  0   1  0   0  1  2  0  0  0/0    22:04   2:21   0:10 

Players Stats for Influenza

Player Name              G  A  P  +/- PIM S  H  SB GA TA FO     MP     PP MP  PK MP  
------------------------------------------------------------------------------------
Aleksi Saarela           0  0  0  -1  0   1  1  0  0  0  2/3    10:36   0:00   0:00 
Bo Horvat                1  1  2   1  0   2  2  0  0  0  18/29  20:36   3:19   1:02 
Brett Pesce              0  0  0  -1  0   0  3  1  0  0  0/0    14:23   1:26   0:00 
Colton Sissons           0  0  0   0  0   2  2  0  0  0  2/6    12:21   0:00   2:02 
Dmitry Sinitsyn          0  0  0  -1  0   0  0  0  0  0  0/0    14:02   0:00   1:36 
Haydn Fleury             0  0  0   0  0   1  0  2  0  1  0/0    16:56   0:00   2:22 
Justin Bailey            0  1  1   0  0   0  0  0  0  0  0/0    10:06   0:00   0:00 
Linden Vey               1  1  2   1  0   8  1  1  0  0  2/2    19:45   1:54   0:45 
Lucas Lessio             0  0  0  -1  0   1  1  1  1  0  0/0    15:35   0:00   2:02 
Mark Giordano            0  0  0   0  0   3  4  0  1  0  0/0    27:34   3:47   1:36 
Max Domi                 0  2  2   1  4   6  0  1  1  0  3/4    20:03   3:19   0:00 
Neal Pionk               0  0  0   0  0   2  2  1  0  0  0/0    22:56   3:47   0:00 
Pavel Zacha              0  0  0  -1  0   0  2  0  0  0  5/9    15:08   1:54   0:12 
Ryan Dzingel             0  0  0  -1  0   1  2  0  0  0  0/0    12:17   0:00   0:44 
Tim Erixon               0  0  0   0  0   1  1  1  0  1  0/0    22:35   1:26   2:22 
Tim Schaller             1  0  1   0  0   2  2  2  0  0  0/0    11:33   1:54   0:07 
Tom Kuhnhackl            0  0  0  -1  0   2  2  0  0  0  0/0    12:14   0:00   1:02 
Travis Konecny           0  0  0  -1  0   4  0  0  0  0  0/0    17:20   3:19   0:00 

3 Stars

1 - Corban Knight (Kin)
2 - Bo Horvat (VJB)
3 - Linden Vey (VJB)

Power Play

Ice Dragons - 0 on 2 Attempt(s) - 0.00%
Influenza - 0 on 3 Attempt(s) - 0.00%

Penalty Kill

Ice Dragons - 3 on 3 Attempt(s) - 100.00% - Score 0 goal in Penalty Kill
Influenza - 2 on 2 Attempt(s) - 100.00% - Score 0 goal in Penalty Kill

Team Stat

Ice Dragons - Hits : 22 - Faceoff Wins : 21 - Blocked Shots : 10 - Penalty Minutes : 6
Influenza - Hits : 25 - Faceoff Wins : 32 - Blocked Shots : 10 - Penalty Minutes : 4

Official

Referees : Unknown
Linesman : Unknown

Game Notes

William Carrier is injured at 19:59 of 1st period (Broken Left Index Finger)
Jerome Gauthier-Leduc is injured at 1:24 of 3rd period (Strained Right Knee)

Finance

Level 1 -- Attendance: 1303 (65.15%) -- Ticket Income $52,120
Level 2 -- Attendance: 657 (65.70%) -- Ticket Income $13,140
Total Attendance: 1960 (65.33%)
Total Ticket Income: $65,260
Other Income: $3,263
Total Income: $68,523

Ice Dragons

5 vs 5 Forward 
   Center                   Left Wing                Right Wing               Time % Phy DF OF 
 1 Corban Knight            Jordan LaVallee          Brandon Kozun            40     1   2  2  
 2 Sam Carrick              Billy Sweat              Justin Shugg             30     1   2  2  
 3 Emil Pettersson          William Carrier          Chris Wagner             20     1   2  2  
 4 Theodor Blueger          Logan MacMillan          Juho Lammikko            10     1   2  2  

5 vs 5 Defense 
   Defense                  Defense                                           Time % Phy DF OF 
 1 Kevin Connauton          Samuel Groulx                                     40     1   2  2  
 2 Zach Trotman             Alex Plante                                       30     1   2  2  
 3 Robin Norell             Jerome Gauthier-Leduc                             20     1   2  2  
 4 Kevin Connauton          Zach Trotman                                      10     1   2  2  

PowerPlay Forward 
   Center                   Left Wing                Right Wing               Time % Phy DF OF 
 1 Corban Knight            Jordan LaVallee          Brandon Kozun            60     1   2  2  
 2 Sam Carrick              Billy Sweat              Justin Shugg             40     1   2  2  

PowerPlay Defense
   Defense                  Defense                                           Time % Phy DF OF 
 1 Kevin Connauton          Jerome Gauthier-Leduc                             60     1   2  2  
 2 Samuel Groulx            Alex Plante                                       40     1   2  2  

Penalty Kill 4 Players Forward 
   Center                   Wing                     Time % Phy DF OF 
 1 Corban Knight            Jordan LaVallee          60     1   4  0  
 2 Billy Sweat              Sam Carrick              40     1   4  0  

Penalty Kill 4 Players Defense
   Defense                  Defense                  Time % Phy DF OF 
 1 Kevin Connauton          Robin Norell             60     1   4  0  
 2 Samuel Groulx            Alex Plante              40     1   4  0  

Penalty Kill - 3 Players Forward 
   Forward                                           Time % Phy DF OF 
 1 Corban Knight                                     60     1   4  0  
 2 Jordan LaVallee                                   40     1   4  0  

Penalty Kill - 3 Players Defense
   Defense                  Defense                  Time % Phy DF OF 
 1 Kevin Connauton          Robin Norell             60     1   4  0  
 2 Samuel Groulx            Alex Plante              40     1   4  0  

4 vs 4 Forward 
   Center                   Wing                     Time % Phy DF OF 
 1 Corban Knight            Jordan LaVallee          60     1   2  2  
 2 Billy Sweat              Sam Carrick              40     1   2  2  

4 vs 4 Defense
   Defense                  Defense                  Time % Phy DF OF 
 1 Kevin Connauton          Jerome Gauthier-Leduc    60     1   2  2  
 2 Samuel Groulx            Alex Plante              40     1   2  2  

Last Minutes Offensive
   Center                   Left Wing                Right Wing               Defense                  Defense                  
   Corban Knight            Jordan LaVallee          Brandon Kozun            Kevin Connauton          Jerome Gauthier-Leduc    

Last Minutes Defensive
   Center                   Left Wing                Right Wing               Defense                  Defense                  
   Corban Knight            Jordan LaVallee          Brandon Kozun            Kevin Connauton          Robin Norell             

Goaltenders
Starting : Joacim Eriksson          
Backup : Oscar Dansk              

Extra Forwards
Normal : William Carrier, Logan MacMillan, Emil Pettersson - PP : William Carrier, Logan MacMillan - PK : Emil Pettersson
Extra Defensemen
Normal : Zach Trotman, Jerome Gauthier-Leduc, Samuel Groulx - PP : Zach Trotman - PK : Jerome Gauthier-Leduc, Samuel Groulx
Penalty Shots
Corban Knight, Jordan LaVallee, Billy Sweat, Sam Carrick, William Carrier

Scratches
Thomas Gobeil (Healthy), David Shields (Broken Bone (Left Ankle) Injury), Alex Henriksson (Healthy), Cole Ully (Healthy), Mario Lucia (Healthy)
Adam Clendening (Healthy), Phil Di Giuseppe (Healthy), Luca Sbisa (Right Foot Injury), Chet Pickard (Healthy)

Influenza

5 vs 5 Forward 
   Center                   Left Wing                Right Wing               Time % Phy DF OF 
 1 Bo Horvat                Max Domi                 Linden Vey               40     1   2  2  
 2 Pavel Zacha              Lucas Lessio             Travis Konecny           30     1   2  2  
 3 Colton Sissons           Tim Schaller             Justin Bailey            20     1   2  2  
 4 Aleksi Saarela           Ryan Dzingel             Tom Kuhnhackl            10     1   2  2  

5 vs 5 Defense 
   Defense                  Defense                                           Time % Phy DF OF 
 1 Mark Giordano            Neal Pionk                                        40     1   2  2  
 2 Tim Erixon               Haydn Fleury                                      30     1   2  2  
 3 Brett Pesce              Dmitry Sinitsyn                                   20     1   2  2  
 4 Mark Giordano            Tim Erixon                                        10     1   2  2  

PowerPlay Forward 
   Center                   Left Wing                Right Wing               Time % Phy DF OF 
 1 Bo Horvat                Max Domi                 Travis Konecny           60     1   2  2  
 2 Pavel Zacha              Tim Schaller             Linden Vey               40     1   2  2  

PowerPlay Defense
   Defense                  Defense                                           Time % Phy DF OF 
 1 Neal Pionk               Mark Giordano                                     60     1   2  2  
 2 Tim Erixon               Brett Pesce                                       40     1   2  2  

Penalty Kill 4 Players Forward 
   Center                   Wing                     Time % Phy DF OF 
 1 Colton Sissons           Lucas Lessio             60     1   2  2  
 2 Bo Horvat                Tom Kuhnhackl            40     1   2  2  

Penalty Kill 4 Players Defense
   Defense                  Defense                  Time % Phy DF OF 
 1 Haydn Fleury             Tim Erixon               60     1   2  2  
 2 Mark Giordano            Dmitry Sinitsyn          40     1   2  2  

Penalty Kill - 3 Players Forward 
   Forward                                           Time % Phy DF OF 
 1 Colton Sissons                                    60     1   2  2  
 2 Bo Horvat                                         40     1   2  2  

Penalty Kill - 3 Players Defense
   Defense                  Defense                  Time % Phy DF OF 
 1 Haydn Fleury             Tim Erixon               60     1   2  2  
 2 Mark Giordano            Dmitry Sinitsyn          40     1   2  2  

4 vs 4 Forward 
   Center                   Wing                     Time % Phy DF OF 
 1 Bo Horvat                Max Domi                 60     1   2  2  
 2 Colton Sissons           Linden Vey               40     1   2  2  

4 vs 4 Defense
   Defense                  Defense                  Time % Phy DF OF 
 1 Tim Erixon               Mark Giordano            60     1   2  2  
 2 Neal Pionk               Dmitry Sinitsyn          40     1   2  2  

Last Minutes Offensive
   Center                   Left Wing                Right Wing               Defense                  Defense                  
   Bo Horvat                Max Domi                 Linden Vey               Tim Erixon               Neal Pionk               

Last Minutes Defensive
   Center                   Left Wing                Right Wing               Defense                  Defense                  
   Bo Horvat                Tim Schaller             Linden Vey               Tim Erixon               Haydn Fleury             

Goaltenders
Starting : Malcolm Subban           
Backup : Al Montoya               

Extra Forwards
Normal : Pavel Zacha, Travis Konecny, Justin Bailey - PP : Linden Vey, Colton Sissons - PK : Linden Vey
Extra Defensemen
Normal : Neal Pionk, Dmitry Sinitsyn, Brett Pesce - PP : Neal Pionk - PK : Dmitry Sinitsyn, Haydn Fleury
Penalty Shots
Bo Horvat, Colton Sissons, Travis Konecny, Ryan Dzingel, Tom Kuhnhackl

Scratches
Shane Prince (Healthy), Jeff Corbett (Healthy), Dennis Gilbert (Healthy), Henri Ikonen (Healthy), Johan Larsson (Healthy)
Jakob Forsbacka-Karlsson (Healthy), Zack MacEwen (Healthy), Radovan Bondra (Healthy), Simon Bourque (Healthy), Mitchell Moroz (Healthy)
Conner Bleackley (Healthy), Brycen Martin (Healthy), Jaden Lindo (Healthy), Charlie Lindgren (Healthy), Jamie Phillips (Healthy)

% Time on Ice - Ice Dragons

Lines # - Real PCT - Wanted PCT - Time Play
Normal Forward
1 - 31% - 40% - 15:57
2 - 30% - 30% - 15:06
3 - 22% - 20% - 11:18
4 - 17% - 10% - 8:28
Normal Defense
1 - 36% - 40% - 18:12
2 - 27% - 30% - 13:48
3 - 28% - 20% - 14:12
4 - 9% - 10% - 4:37
PP Forward
1 - 49% - 60% - 1:56
2 - 51% - 40% - 2:02
PP Defense
1 - 59% - 60% - 2:21
2 - 41% - 40% - 1:37
PK Forward
1 - 78% - 60% - 4:05
2 - 22% - 40% - 1:08
PK Defense
1 - 62% - 60% - 3:14
2 - 38% - 40% - 1:59
PK3 Forward
1 - 0% - 60%
2 - 0% - 40%
PK3 Defense
1 - 0% - 60%
2 - 0% - 40%
44 Forward
1 - 0% - 60%
2 - 0% - 40%
44 Defense
1 - 0% - 60%
2 - 0% - 40%
Last Minute Offensive  - 0:00
Last Minute Defensive  - 0:00
Total
Forward - 60:00
Defense - 60:00

% Time on Ice - Influenza

Lines # - Real PCT - Wanted PCT - Time Play
Normal Forward
1 - 33% - 40% - 16:46
2 - 27% - 30% - 13:55
3 - 19% - 20% - 9:32
4 - 21% - 10% - 10:36
Normal Defense
1 - 37% - 40% - 18:50
2 - 30% - 30% - 15:05
3 - 24% - 20% - 12:09
4 - 9% - 10% - 4:45
PP Forward
1 - 64% - 60% - 3:19
2 - 36% - 40% - 1:54
PP Defense
1 - 73% - 60% - 3:47
2 - 27% - 40% - 1:26
PK Forward
1 - 74% - 60% - 2:56
2 - 26% - 40% - 1:02
PK Defense
1 - 60% - 60% - 2:22
2 - 40% - 40% - 1:36
PK3 Forward
1 - 0% - 60%
2 - 0% - 40%
PK3 Defense
1 - 0% - 60%
2 - 0% - 40%
44 Forward
1 - 0% - 60%
2 - 0% - 40%
44 Defense
1 - 0% - 60%
2 - 0% - 40%
Last Minute Offensive  - 0:00
Last Minute Defensive  - 0:00
Total
Forward - 60:00
Defense - 60:00

Play-by-Play

1st period


0:01 of 1st period - Corban Knight wins face-off versus Bo Horvat in neutral zone.
0:33 of 1st period - Slapshot by Kevin Connauton.
0:33 of 1st period - Deflect By Billy Sweat.
0:33 of 1st period - Stopped by Malcolm Subban with a rebound.
0:55 of 1st period - Icing by Emil Pettersson.
0:56 of 1st period - Colton Sissons wins face-off versus Emil Pettersson in Ice Dragons zone.
0:57 of 1st period - Snap shot by Tim Schaller.
0:57 of 1st period - Stopped by Joacim Eriksson without a rebound.
0:58 of 1st period - Aleksi Saarela wins face-off versus Theodor Blueger in Ice Dragons zone.
1:01 of 1st period - Snap shot by Ryan Dzingel.
1:01 of 1st period - Shot Misses the Net.
1:32 of 1st period - Snap shot by Max Domi.
1:32 of 1st period - Stopped by Joacim Eriksson with a rebound.
2:04 of 1st period - Neal Pionk is hit by Alex Plante.
3:11 of 1st period - Sam Carrick is hit by Mark Giordano and loses puck.
3:30 of 1st period - Emil Pettersson is hit by Colton Sissons.
4:12 of 1st period - Snap shot by Tom Kuhnhackl.
4:12 of 1st period - Stopped by Joacim Eriksson with a rebound.
4:18 of 1st period - Kevin Connauton is hit by Brett Pesce and loses puck.
5:02 of 1st period - Snap shot by Jordan LaVallee.
5:02 of 1st period - Shot Misses the Net.
5:04 of 1st period - Slapshot by Samuel Groulx.
5:04 of 1st period - Shot Misses the Net.
5:06 of 1st period - Snap shot by Samuel Groulx.
5:06 of 1st period - Shot Misses the Net.
5:08 of 1st period - Wrist shot by Brandon Kozun.
5:08 of 1st period - Stopped by Malcolm Subban with a rebound.
5:10 of 1st period - Snap shot by Jordan LaVallee.
5:10 of 1st period - Shot Misses the Net.
5:12 of 1st period - Slapshot by Samuel Groulx.
5:12 of 1st period - Stopped by Malcolm Subban with a rebound.
5:14 of 1st period - Slapshot by Samuel Groulx.
5:14 of 1st period - Shot Misses the Net.
5:16 of 1st period - Slapshot by Samuel Groulx.
5:16 of 1st period - Stopped by Malcolm Subban with a rebound.
5:50 of 1st period - Slapshot by Aleksi Saarela.
5:50 of 1st period - Stopped by Joacim Eriksson with a rebound.
6:14 of 1st period - Wrist shot by Jordan LaVallee.
6:14 of 1st period - Shot Blocked by Brett Pesce.
6:16 of 1st period - Wrist shot by Corban Knight.
6:16 of 1st period - Shot Misses the Net.
6:18 of 1st period - Slapshot by Samuel Groulx.
6:18 of 1st period - Stopped by Malcolm Subban with a rebound.
6:20 of 1st period - Slapshot by Samuel Groulx.
6:20 of 1st period - Shot Misses the Net.
6:22 of 1st period - Wrist shot by Jordan LaVallee.
6:22 of 1st period - Shot Hit the Post.
6:24 of 1st period - Slapshot by Samuel Groulx.
6:24 of 1st period - Deflect By Corban Knight.
6:24 of 1st period - Stopped by Malcolm Subban with a rebound.
6:26 of 1st period - Slapshot by Brandon Kozun.
6:26 of 1st period - Goal by Brandon Kozun - Ice Dragons : 1 - Influenza : 0.
6:27 of 1st period - Sam Carrick wins face-off versus Bo Horvat in neutral zone.
6:52 of 1st period - Travis Konecny is hit by Chris Wagner and loses puck.
7:30 of 1st period - Off-side.
7:31 of 1st period - Bo Horvat wins face-off versus Sam Carrick in neutral zone.
8:56 of 1st period - Off-side.
8:57 of 1st period - Pavel Zacha wins face-off versus Emil Pettersson in neutral zone.
9:10 of 1st period - Snap shot by William Carrier.
9:10 of 1st period - Stopped by Malcolm Subban with a rebound.
9:33 of 1st period - Off-side.
9:34 of 1st period - Linden Vey wins face-off versus Sam Carrick in neutral zone.
9:43 of 1st period - Snap shot by Linden Vey.
9:43 of 1st period - Stopped by Joacim Eriksson without a rebound.
9:44 of 1st period - Max Domi wins face-off versus Sam Carrick in Ice Dragons zone.
9:53 of 1st period - Snap shot by Max Domi.
9:53 of 1st period - Stopped by Joacim Eriksson with a rebound.
10:03 of 1st period - Wrist shot by Linden Vey.
10:03 of 1st period - Shot Misses the Net.
10:05 of 1st period - Snap shot by Linden Vey.
10:05 of 1st period - Shot Blocked by Sam Carrick.
10:09 of 1st period - Snap shot by Bo Horvat.
10:09 of 1st period - Stopped by Joacim Eriksson with a rebound.
10:11 of 1st period - Snap shot by Mark Giordano.
10:11 of 1st period - Deflect By Linden Vey.
10:11 of 1st period - Shot Misses the Net.
10:11 of 1st period - Puck is out of play.
10:12 of 1st period - Pavel Zacha wins face-off versus Corban Knight in Ice Dragons zone.
10:21 of 1st period - Slapshot by Pavel Zacha.
10:21 of 1st period - Shot Hit the Post.
10:27 of 1st period - Slapshot by Kevin Connauton.
10:27 of 1st period - Stopped by Malcolm Subban without a rebound.
10:28 of 1st period - Bo Horvat wins face-off versus Sam Carrick in Influenza zone.
10:43 of 1st period - Snap shot by Linden Vey.
10:43 of 1st period - Stopped by Joacim Eriksson without a rebound.
10:44 of 1st period - Pavel Zacha wins face-off versus Corban Knight in Ice Dragons zone.
11:11 of 1st period - Mark Giordano is hit by Kevin Connauton and loses puck.
11:42 of 1st period - Wrist shot by Colton Sissons.
11:42 of 1st period - Stopped by Joacim Eriksson with a rebound.
11:44 of 1st period - Slapshot by Mark Giordano.
11:44 of 1st period - Stopped by Joacim Eriksson with a rebound.
12:02 of 1st period - Slapshot by Tim Erixon.
12:02 of 1st period - Deflect By Aleksi Saarela.
12:02 of 1st period - Shot Misses the Net.
12:02 of 1st period - Puck is out of play.
12:03 of 1st period - Bo Horvat wins face-off versus Corban Knight in Ice Dragons zone.
12:06 of 1st period - Wrist shot by Max Domi.
12:06 of 1st period - Deflect By Bo Horvat.
12:06 of 1st period - Shot Misses the Net.
12:06 of 1st period - Puck is out of play.
12:07 of 1st period - Corban Knight wins face-off versus Bo Horvat in Ice Dragons zone.
12:16 of 1st period - Slapshot by Jordan LaVallee.
12:16 of 1st period - Shot Blocked by Haydn Fleury.
12:20 of 1st period - Snap shot by Corban Knight.
12:20 of 1st period - Shot Misses the Net.
12:22 of 1st period - Wrist shot by Brandon Kozun.
12:22 of 1st period - Stopped by Malcolm Subban with a rebound.
12:59 of 1st period - Logan MacMillan is hit by Lucas Lessio.
13:19 of 1st period - Wrist shot by Justin Bailey.
13:19 of 1st period - Shot Misses the Net.
13:27 of 1st period - Wrist shot by Tim Schaller.
13:27 of 1st period - Shot Blocked by Alex Plante.
14:01 of 1st period - Robin Norell is hit by Tom Kuhnhackl and loses puck.
14:16 of 1st period - Backhand shot by Kevin Connauton.
14:16 of 1st period - Shot Blocked by Tim Schaller.
15:02 of 1st period - Snap shot by Sam Carrick.
15:02 of 1st period - Shot Misses the Net.
15:32 of 1st period - Dmitry Sinitsyn is hit by Robin Norell and loses puck.
15:43 of 1st period - Alex Plante is hit by Linden Vey and loses puck.
16:05 of 1st period - Juho Lammikko is hit by Colton Sissons.
16:47 of 1st period - Dmitry Sinitsyn is hit by Corban Knight and loses puck.
17:43 of 1st period - Wrist shot by Lucas Lessio.
17:43 of 1st period - Shot Misses the Net.
18:02 of 1st period - Mark Giordano is hit by Brandon Kozun and loses puck.
18:30 of 1st period - Tim Schaller is hit by Brandon Kozun and loses puck.
18:43 of 1st period - Ryan Dzingel is hit by William Carrier and loses puck.
19:45 of 1st period - Sam Carrick is hit by Mark Giordano and loses puck.
19:58 of 1st period - William Carrier is hit by Neal Pionk and loses puck.
19:59 of 1st period - William Carrier from Ice Dragons is injured at 19:59 of 1st period (Broken Left Index Finger).
Goals for this period are 1 for Ice Dragons vs 0 for Influenza.
Shots for this period are 10 for Ice Dragons vs 10 for Influenza.

2nd period


0:01 of 2nd period - Bo Horvat wins face-off versus Corban Knight in neutral zone.
0:15 of 2nd period - Snap shot by Corban Knight.
0:15 of 2nd period - Shot Blocked by Tim Erixon.
0:58 of 2nd period - Snap shot by Travis Konecny.
0:58 of 2nd period - Stopped by Joacim Eriksson with a rebound.
1:00 of 2nd period - Snap shot by Travis Konecny.
1:00 of 2nd period - Stopped by Joacim Eriksson without a rebound.
1:01 of 2nd period - Corban Knight wins face-off versus Bo Horvat in Ice Dragons zone.
1:10 of 2nd period - Snap shot by Jordan LaVallee.
1:10 of 2nd period - Shot Blocked by Max Domi.
1:16 of 2nd period - Snap shot by Max Domi.
1:16 of 2nd period - Stopped by Joacim Eriksson without a rebound.
1:17 of 2nd period - Sam Carrick wins face-off versus Colton Sissons in Ice Dragons zone.
1:22 of 2nd period - Slapshot by Zach Trotman.
1:22 of 2nd period - Shot Blocked by Tim Schaller.
1:30 of 2nd period - Slapshot by Colton Sissons.
1:30 of 2nd period - Shot Misses the Net.
1:32 of 2nd period - Wrist shot by Colton Sissons.
1:32 of 2nd period - Stopped by Joacim Eriksson with a rebound.
1:42 of 2nd period - Sam Carrick is hit by Brett Pesce and loses puck.
1:49 of 2nd period - Slapshot by Lucas Lessio.
1:49 of 2nd period - Stopped by Joacim Eriksson with a rebound.
1:57 of 2nd period - Pavel Zacha is hit by Sam Carrick and loses puck.
2:04 of 2nd period - Wrist shot by Sam Carrick.
2:04 of 2nd period - Stopped by Malcolm Subban without a rebound.
2:05 of 2nd period - Max Domi wins face-off versus Corban Knight in Influenza zone.
3:40 of 2nd period - Snap shot by Corban Knight.
3:40 of 2nd period - Goal by Corban Knight - Ice Dragons : 2 - Influenza : 0.
3:41 of 2nd period - Corban Knight wins face-off versus Max Domi in neutral zone.
3:44 of 2nd period - Linden Vey is hit by Zach Trotman and loses puck.
3:51 of 2nd period - Snap shot by Jordan LaVallee.
3:51 of 2nd period - Stopped by Malcolm Subban without a rebound.
3:52 of 2nd period - Bo Horvat wins face-off versus Corban Knight in Influenza zone.
3:52 of 2nd period - Bo Horvat is hit by Corban Knight.
4:30 of 2nd period - Wrist shot by Billy Sweat.
4:30 of 2nd period - Stopped by Malcolm Subban without a rebound.
4:31 of 2nd period - Emil Pettersson wins face-off versus Colton Sissons in Influenza zone.
4:32 of 2nd period - Slapshot by Logan MacMillan.
4:32 of 2nd period - Goal by Logan MacMillan - Ice Dragons : 3 - Influenza : 0.
4:33 of 2nd period - Bo Horvat wins face-off versus Corban Knight in neutral zone.
5:46 of 2nd period - Logan MacMillan is hit by Bo Horvat and loses puck.
6:04 of 2nd period - Wrist shot by Aleksi Saarela.
6:04 of 2nd period - Shot Misses the Net.
6:06 of 2nd period - Slapshot by Mark Giordano.
6:06 of 2nd period - Shot Misses the Net.
7:17 of 2nd period - Alex Plante is hit by Tim Erixon and loses puck.
8:02 of 2nd period - Slapshot by Linden Vey.
8:02 of 2nd period - Goal by Linden Vey - Ice Dragons : 3 - Influenza : 1.
8:03 of 2nd period - Sam Carrick wins face-off versus Bo Horvat in neutral zone.
8:06 of 2nd period - Snap shot by Billy Sweat.
8:06 of 2nd period - Deflect By Max Domi.
8:06 of 2nd period - Stopped by Malcolm Subban with a rebound.
8:08 of 2nd period - Backhand shot by Samuel Groulx.
8:08 of 2nd period - Deflect By Sam Carrick.
8:08 of 2nd period - Shot Misses the Net.
8:08 of 2nd period - Puck is out of play.
8:09 of 2nd period - Sam Carrick wins face-off versus Bo Horvat in Influenza zone.
8:10 of 2nd period - Snap shot by Billy Sweat.
8:10 of 2nd period - Deflect By Justin Shugg.
8:10 of 2nd period - Shot Blocked by Neal Pionk.
8:10 of 2nd period - Puck is out of play.
8:11 of 2nd period - Bo Horvat wins face-off versus Sam Carrick in Influenza zone.
8:20 of 2nd period - Snap shot by Billy Sweat.
8:20 of 2nd period - Shot Misses the Net.
8:22 of 2nd period - Snap shot by Samuel Groulx.
8:22 of 2nd period - Stopped by Malcolm Subban with a rebound.
8:24 of 2nd period - Snap shot by Justin Shugg.
8:24 of 2nd period - Shot Misses the Net.
8:47 of 2nd period - Snap shot by Billy Sweat.
8:47 of 2nd period - Shot Misses the Net.
8:49 of 2nd period - Slapshot by Samuel Groulx.
8:49 of 2nd period - Shot Misses the Net.
8:51 of 2nd period - Snap shot by Billy Sweat.
8:51 of 2nd period - Deflect By Sam Carrick.
8:51 of 2nd period - Stopped by Malcolm Subban with a rebound.
8:55 of 2nd period - Snap shot by Sam Carrick.
8:55 of 2nd period - Shot Misses the Net.
8:57 of 2nd period - Wrist shot by Sam Carrick.
8:57 of 2nd period - Shot Misses the Net.
9:07 of 2nd period - Snap shot by Sam Carrick.
9:07 of 2nd period - Stopped by Malcolm Subban with a rebound.
9:24 of 2nd period - Off-side.
9:25 of 2nd period - Pavel Zacha wins face-off versus Corban Knight in neutral zone.
10:06 of 2nd period - Alex Plante is hit by Tim Schaller.
11:02 of 2nd period - Icing by Juho Lammikko.
11:03 of 2nd period - Emil Pettersson wins face-off versus Aleksi Saarela in Ice Dragons zone.
11:03 of 2nd period - Emil Pettersson is hit by Aleksi Saarela.
11:36 of 2nd period - Snap shot by Billy Sweat.
11:36 of 2nd period - Goal by Billy Sweat - Ice Dragons : 4 - Influenza : 1.
11:37 of 2nd period - Brandon Kozun wins face-off versus Bo Horvat in neutral zone.
11:51 of 2nd period - Wrist shot by Linden Vey.
11:51 of 2nd period - Stopped by Joacim Eriksson without a rebound.
11:52 of 2nd period - Pavel Zacha wins face-off versus Emil Pettersson in Ice Dragons zone.
11:58 of 2nd period - Slapshot by Pavel Zacha.
11:58 of 2nd period - Shot Misses the Net.
12:00 of 2nd period - Slapshot by Neal Pionk.
12:00 of 2nd period - Shot Misses the Net.
12:02 of 2nd period - Wrist shot by Lucas Lessio.
12:02 of 2nd period - Shot Blocked by Zach Trotman.
12:04 of 2nd period - Backhand shot by Mark Giordano.
12:04 of 2nd period - Stopped by Joacim Eriksson with a rebound.
12:06 of 2nd period - Wrist shot by Pavel Zacha.
12:06 of 2nd period - Shot Blocked by Chris Wagner.
12:08 of 2nd period - Slapshot by Neal Pionk.
12:08 of 2nd period - Stopped by Joacim Eriksson without a rebound.
12:09 of 2nd period - Bo Horvat wins face-off versus Jordan LaVallee in Ice Dragons zone.
12:10 of 2nd period - Slapshot by Linden Vey.
12:10 of 2nd period - Stopped by Joacim Eriksson without a rebound.
12:11 of 2nd period - Corban Knight wins face-off versus Bo Horvat in Ice Dragons zone.
12:11 of 2nd period - Corban Knight is hit by Bo Horvat.
12:41 of 2nd period - Wrist shot by Travis Konecny.
12:41 of 2nd period - Stopped by Joacim Eriksson with a rebound.
12:47 of 2nd period - Tim Erixon is hit by Kevin Connauton and loses puck.
13:18 of 2nd period - Mark Giordano is hit by Corban Knight and loses puck.
15:13 of 2nd period - Snap shot by Tom Kuhnhackl.
15:13 of 2nd period - Shot Blocked by Alex Plante.
15:19 of 2nd period - Logan MacMillan is hit by Ryan Dzingel and loses puck.
15:50 of 2nd period - Justin Bailey is hit by Juho Lammikko and loses puck.
16:32 of 2nd period - Colton Sissons is hit by Corban Knight and loses puck.
16:45 of 2nd period - Emil Pettersson is hit by Tom Kuhnhackl and loses puck.
17:06 of 2nd period - Theodor Blueger is hit by Pavel Zacha and loses puck.
17:41 of 2nd period - Robin Norell is hit by Mark Giordano and loses puck.
18:00 of 2nd period - Tom Kuhnhackl is hit by Samuel Groulx and loses puck.
18:49 of 2nd period - Ryan Dzingel is hit by Chris Wagner and loses puck.
19:40 of 2nd period - Juho Lammikko is hit by Tim Schaller and loses puck.
19:45 of 2nd period - Wrist shot by Tim Schaller.
19:45 of 2nd period - Deflect By Justin Bailey.
19:45 of 2nd period - Shot Misses the Net.
19:45 of 2nd period - Puck is out of play.
19:46 of 2nd period - Bo Horvat wins face-off versus Emil Pettersson in Ice Dragons zone.
19:55 of 2nd period - Slapshot by Max Domi.
19:55 of 2nd period - Shot Blocked by Zach Trotman.
Goals for this period are 3 for Ice Dragons vs 1 for Influenza.
Shots for this period are 10 for Ice Dragons vs 11 for Influenza.

3rd period


0:01 of 3rd period - Linden Vey wins face-off versus Corban Knight in neutral zone.
0:26 of 3rd period - Mark Giordano is hit by Kevin Connauton and loses puck.
0:41 of 3rd period - Minor Penalty to Kevin Connauton for Roughing.
0:42 of 3rd period - Corban Knight wins face-off versus Bo Horvat in Ice Dragons zone.
0:52 of 3rd period - Icing by Neal Pionk.
0:53 of 3rd period - Corban Knight wins face-off versus Bo Horvat in Influenza zone.
0:54 of 3rd period - Snap shot by Jordan LaVallee.
0:54 of 3rd period - Shot Misses the Net.
1:20 of 3rd period - Wrist shot by Max Domi.
1:20 of 3rd period - Stopped by Joacim Eriksson with a rebound.
1:24 of 3rd period - Snap shot by Travis Konecny.
1:24 of 3rd period - Shot Blocked by Jerome Gauthier-Leduc.
1:24 of 3rd period - Jerome Gauthier-Leduc from Ice Dragons is injured at 1:24 of 3rd period (Strained Right Knee).
1:25 of 3rd period - Corban Knight wins face-off versus Bo Horvat in Ice Dragons zone.
1:56 of 3rd period - Wrist shot by Linden Vey.
1:56 of 3rd period - Deflect By Jordan LaVallee.
1:56 of 3rd period - Shot Blocked by Samuel Groulx.
1:56 of 3rd period - Puck is out of play.
1:57 of 3rd period - Bo Horvat wins face-off versus Corban Knight in Ice Dragons zone.
2:07 of 3rd period - Snap shot by Bo Horvat.
2:07 of 3rd period - Shot Misses the Net.
2:09 of 3rd period - Slapshot by Tim Erixon.
2:09 of 3rd period - Stopped by Joacim Eriksson with a rebound.
2:11 of 3rd period - Snap shot by Travis Konecny.
2:11 of 3rd period - Stopped by Joacim Eriksson with a rebound.
2:13 of 3rd period - Snap shot by Travis Konecny.
2:13 of 3rd period - Deflect By Max Domi.
2:13 of 3rd period - Stopped by Joacim Eriksson without a rebound.
2:14 of 3rd period - Corban Knight wins face-off versus Pavel Zacha in Ice Dragons zone.
2:41 of 3rd period - Penalty to Kevin Connauton is over, Kevin Connauton is back on ice.
3:39 of 3rd period - Slapshot by Neal Pionk.
3:39 of 3rd period - Shot Misses the Net.
3:53 of 3rd period - Zach Trotman is hit by Mark Giordano and loses puck.
4:00 of 3rd period - Wrist shot by Aleksi Saarela.
4:00 of 3rd period - Shot Hit the Post.
4:15 of 3rd period - Minor Penalty to Max Domi for Tripping.
4:16 of 3rd period - Sam Carrick wins face-off versus Colton Sissons in Influenza zone.
6:06 of 3rd period - Snap shot by Bo Horvat.
6:06 of 3rd period - Shot Misses the Net.
6:15 of 3rd period - Penalty to Max Domi is over, Max Domi is back on ice.
6:34 of 3rd period - Logan MacMillan is hit by Brett Pesce and loses puck.
7:00 of 3rd period - Logan MacMillan is hit by Ryan Dzingel and loses puck.
7:13 of 3rd period - Neal Pionk is hit by Theodor Blueger and loses puck.
7:28 of 3rd period - Slapshot by Mark Giordano.
7:28 of 3rd period - Deflect By Chris Wagner.
7:28 of 3rd period - Stopped by Joacim Eriksson without a rebound.
7:29 of 3rd period - Emil Pettersson wins face-off versus Pavel Zacha in Ice Dragons zone.
7:29 of 3rd period - Emil Pettersson is hit by Pavel Zacha.
8:23 of 3rd period - Wrist shot by Tim Schaller.
8:23 of 3rd period - Goal by Tim Schaller - Ice Dragons : 4 - Influenza : 2.
8:24 of 3rd period - Bo Horvat wins face-off versus Corban Knight in neutral zone.
8:26 of 3rd period - Off-side.
8:27 of 3rd period - Bo Horvat wins face-off versus Corban Knight in neutral zone.
8:30 of 3rd period - Slapshot by Max Domi.
8:30 of 3rd period - Shot Misses the Net.
9:21 of 3rd period - Slapshot by Neal Pionk.
9:21 of 3rd period - Stopped by Joacim Eriksson without a rebound.
9:22 of 3rd period - Bo Horvat wins face-off versus Theodor Blueger in Ice Dragons zone.
9:33 of 3rd period - Max Domi is hit by Kevin Connauton and loses puck.
9:46 of 3rd period - Haydn Fleury is hit by Kevin Connauton and loses puck.
9:59 of 3rd period - Snap shot by Logan MacMillan.
9:59 of 3rd period - Shot Misses the Net.
10:01 of 3rd period - Wrist shot by Kevin Connauton.
10:01 of 3rd period - Stopped by Malcolm Subban without a rebound.
10:02 of 3rd period - Corban Knight wins face-off versus Pavel Zacha in Influenza zone.
10:05 of 3rd period - Snap shot by Corban Knight.
10:05 of 3rd period - Shot Blocked by Lucas Lessio.
10:13 of 3rd period - Slapshot by Jordan LaVallee.
10:13 of 3rd period - Shot Misses the Net.
10:49 of 3rd period - Snap shot by Tom Kuhnhackl.
10:49 of 3rd period - Stopped by Joacim Eriksson with a rebound.
11:09 of 3rd period - Wrist shot by Max Domi.
11:09 of 3rd period - Stopped by Joacim Eriksson with a rebound.
11:11 of 3rd period - Slapshot by Linden Vey.
11:11 of 3rd period - Stopped by Joacim Eriksson with a rebound.
11:13 of 3rd period - Wrist shot by Bo Horvat.
11:13 of 3rd period - Goal by Bo Horvat - Ice Dragons : 4 - Influenza : 3.
11:14 of 3rd period - Bo Horvat wins face-off versus Corban Knight in neutral zone.
11:23 of 3rd period - Slapshot by Samuel Groulx.
11:23 of 3rd period - Deflect By Linden Vey.
11:23 of 3rd period - Stopped by Malcolm Subban without a rebound.
11:24 of 3rd period - Bo Horvat wins face-off versus Corban Knight in Influenza zone.
11:24 of 3rd period - Bo Horvat is hit by Brandon Kozun.
11:36 of 3rd period - Snap shot by Max Domi.
11:36 of 3rd period - Deflect By Linden Vey.
11:36 of 3rd period - Stopped by Joacim Eriksson without a rebound.
11:37 of 3rd period - Bo Horvat wins face-off versus Corban Knight in Ice Dragons zone.
12:23 of 3rd period - Wrist shot by Logan MacMillan.
12:23 of 3rd period - Shot Misses the Net.
12:41 of 3rd period - Snap shot by Ryan Dzingel.
12:41 of 3rd period - Stopped by Joacim Eriksson with a rebound.
12:43 of 3rd period - Wrist shot by Haydn Fleury.
12:43 of 3rd period - Stopped by Joacim Eriksson without a rebound.
12:44 of 3rd period - Aleksi Saarela wins face-off versus Corban Knight in Ice Dragons zone.
12:51 of 3rd period - Wrist shot by Tom Kuhnhackl.
12:51 of 3rd period - Shot Blocked by Alex Plante.
12:59 of 3rd period - Snap shot by Jordan LaVallee.
12:59 of 3rd period - Stopped by Malcolm Subban without a rebound.
13:00 of 3rd period - Max Domi wins face-off versus Sam Carrick in Influenza zone.
13:02 of 3rd period - Minor Penalty to Max Domi for Holding.
13:03 of 3rd period - Colton Sissons wins face-off versus Brandon Kozun in Influenza zone.
14:22 of 3rd period - Snap shot by Kevin Connauton.
14:22 of 3rd period - Shot Misses the Net.
14:28 of 3rd period - Snap shot by Sam Carrick.
14:28 of 3rd period - Stopped by Malcolm Subban without a rebound.
14:29 of 3rd period - Brandon Kozun wins face-off versus Colton Sissons in Influenza zone.
15:02 of 3rd period - Penalty to Max Domi is over, Max Domi is back on ice.
15:29 of 3rd period - Wrist shot by Max Domi.
15:29 of 3rd period - Shot Blocked by Logan MacMillan.
15:31 of 3rd period - Wrist shot by Max Domi.
15:31 of 3rd period - Deflect By Linden Vey.
15:31 of 3rd period - Stopped by Joacim Eriksson without a rebound.
15:32 of 3rd period - Emil Pettersson wins face-off versus Pavel Zacha in Ice Dragons zone.
15:34 of 3rd period - Minor Penalty to Chris Wagner for Holding.
15:35 of 3rd period - Bo Horvat wins face-off versus Corban Knight in Ice Dragons zone.
17:01 of 3rd period - Kevin Connauton is hit by Neal Pionk and loses puck.
17:16 of 3rd period - Wrist shot by Sam Carrick.
17:16 of 3rd period - Shot Misses the Net.
17:18 of 3rd period - Snap shot by Billy Sweat.
17:18 of 3rd period - Shot Blocked by Linden Vey.
17:34 of 3rd period - Penalty to Chris Wagner is over, Chris Wagner is back on ice.
17:40 of 3rd period - Snap shot by Sam Carrick.
17:40 of 3rd period - Shot Blocked by Haydn Fleury.
18:44 of 3rd period - Minor Penalty to Samuel Groulx for Hooking.
18:45 of 3rd period - Bo Horvat wins face-off versus Corban Knight in Ice Dragons zone.
18:46 of 3rd period - Influenza, Malcolm Subban is pulled from the net.
18:46 of 3rd period - Snap shot by Travis Konecny.
18:46 of 3rd period - Shot Misses the Net.
Goals for this period are 0 for Ice Dragons vs 2 for Influenza.
Shots for this period are 4 for Ice Dragons vs 15 for Influenza.